 Dungeon Crawl Stone Soup version 0.30-a0-760-g5a9884bb7c (webtiles) character file.

Game seed: 8285810070968761093

10977 kae the Destroyer (level 11, -2/68 HPs)
             Began as a Gargoyle Earth Elementalist on Feb 10, 2023.
             Was a Priest of Vehumet.
             Slain by a death yak (21 damage)
             ... on level 9 of the Dungeon.
             The game lasted 00:10:53 (10756 turns).

kae the Destroyer (Gargoyle Earth Elementalist)    Turns: 10756, Time: 00:10:53

Health: -2/68      AC: 14    Str: 11    XL:     11   Next: 70%
Magic:  0/23       EV: 11    Int: 27    God:    Vehumet [***...]
Gold:   352        SH:  0    Dex: 10    Spells: 11/26 levels left

rFire   x . .      SeeInvis .    f - staff of earth {!a}
rCold   + . .      Faith    .    (no shield)
rNeg    + . .      Spirit   +    a - +0 robe
rPois   ∞          Reflect  .    (helmet restricted)
rElec   +          Harm     .    B - +0 cloak
rCorr   .          Rampage  .    (no gloves)
Will    .....      Rage     3%   j - +2 pair of boots
Stlth   +++                      G - amulet of guardian spirit
HPRegen 0.31/turn                I - +6 ring of intelligence
MPRegen 0.18/turn                C - ring of protection from cold

@: studying Shields
A: sickness immunity, AC +8, negative energy resistance 1, electricity
resistance, torment resistance 1, petrification resistance, horns 1, camouflage
1, berserk 1, heat vulnerability 1
a: Renounce Religion


You were on level 9 of the Dungeon.
You worshipped Vehumet.
Vehumet was most pleased with you.
You visited 2 branches of the dungeon, and saw 11 of its levels.
You also visited: Bailey.

You collected 352 gold pieces.


Innate Abilities, Weirdness & Mutations

You are immune to sickness and miasma.
Your stone body is resilient. (AC +8)
You are immune to poison.
You resist negative energy. (rN+)
You are resistant to electric shocks. (rElec)
You are resistant to unholy torment.
You are immune to petrification.
You have a pair of small horns on your head.
Your skin changes colour to match your surroundings (Stealth+).
You sometimes lose your temper in combat.
You are vulnerable to heat. (rF-)


   Skills:
 + Level 7.7 Fighting
 - Level 1.5 Dodging
 - Level 2.1 Stealth
 - Level 8.0 Spellcasting
 - Level 12.0 Conjurations
 - Level 0.7 Transmutations
 - Level 12.0 Earth Magic


You had 11 spell levels left.
You knew the following spells:

 Your Spells              Type           Power      Damage    Failure   Level
a - Sandblast             Erth           100%       2d20      1%          1
b - Stone Arrow           Conj/Erth      100%       3d13      1%          3
c - Passwall              Tmut/Erth      50%        N/A       1%          2
d - Petrify               Tmut/Erth      61%        N/A       3%          4
e - Lee's Rapid Deconstr  Erth           42%        3d21*     1%          5

Your spell library contained the following spells:

 Spells                   Type           Power      Damage    Failure   Level
 Airstrike                Air            5%         2d(1-17)  13%         4
 Fulminant Prism          Conj/Hex       21%        3d12      1%          4
 Iskenderun's Mystic Bla  Conj/Tloc      43%        2d10      1%          4
 Kindle Blastsparks       Fire/Tloc/Air  20%        2d11      4%          3
 Ensorcelled Hibernation  Hex/Ice        20%        N/A       8%          2
 Borgnjor's Vile Clutch   Necr/Erth      29%        N/A       12%         5
 Spider Form              Tmut/Pois      12%        N/A       14%         3
 Anguish                  Hex/Necr       5%         N/A       45%         4
 Alistair's Intoxication  Tmut/Pois      8%         N/A       77%         5
 Summon Forest            Summ/Tloc      5%         N/A       82%         5
 Eringya's Noxious Bog    Tmut/Pois      6%         N/A       83%         6
 Summon Hydra             Summ           5%         N/A       100%        7

Inventory:

Hand Weapons
 h - a +1 war axe of freezing
   (You found it on level 1 of the Dungeon)
Missiles
 d - 101 stones
 p - a boomerang
 q - 2 javelins
 x - 16 poisoned darts
Armour
 a - a +0 robe (worn)
 j - a +2 pair of boots (worn)
   (You found it on level 1 of the Dungeon)
 B - a +0 cloak (worn)
   (You took it off Crazy Yiuf on level 5 of the Dungeon)
Magical Staves
 e - a staff of poison {!a}
   (You found it on level 1 of the Dungeon)
 f - a staff of earth (weapon) {!a}
   (You found it on level 2 of the Dungeon)
 o - a staff of earth {!a}
   (You found it on level 2 of the Dungeon)
 z - a staff of cold {!a}
   (You found it on level 7 of the Dungeon)
Jewellery
 A - an amulet of the acrobat
   (You found it on level 7 of the Dungeon)
 C - a ring of protection from cold (right hand)
   (You found it on level 2 of the Dungeon)
 D - a ring of willpower
   (You found it on level 6 of the Dungeon)
 G - an amulet of guardian spirit (around neck)
   (You found it on level 1 of the Dungeon)
 I - a +6 ring of intelligence (left hand)
   (You found it on level 1 of the Dungeon)
Wands
 c - a wand of digging (6)
   (You found it on level 3 of the Dungeon)
 s - a wand of light (3)
   (You found it on level 7 of the Dungeon)
Scrolls
 g - a scroll of fog
 k - a scroll of fear
 m - a scroll of poison
 n - 5 scrolls of teleportation {@r4}
 u - a scroll of magic mapping {!r}
 w - a scroll of enchant armour
 y - a scroll of enchant weapon
 E - a scroll of immolation {!r!r}
Potions
 b - a potion of experience
 i - 2 potions of lignification {!q}
 l - a potion of cancellation {unknown}
 r - 5 potions of curing {@q1}
 t - 2 potions of mutation {!q}
 v - a potion of attraction {!q}
 H - 2 potions of ambrosia
Miscellaneous
 J - a lightning rod (4/4)
   (You found it on level 9 of the Dungeon)

Dungeon Overview and Level Annotations

Branches:
Dungeon (10/15) Zot: 26126  Temple (1/1) D:4 Zot: 5796    Lair (0/5) D:10
 Bailey (visited)
    Orc: D:9-12

Altars:
Ashenzari
Cheibriados
Dithmenos
Elyvilon
Fedhas
Gozag
Hepliaklqana
Kikubaaqudgha
Makhleb
Nemelex Xobeh
Okawaru
Qazlal
Ru
Sif Muna
Trog
Uskayaw
Vehumet
Wu Jian
Xom
Yredelemnul
Zin
The Shining One

#......[.#.#.#.#.##.#####.#
#....
........##.#.#.#.##.......#
#####
###.##.......#.#.#######.####
# #.##.##..###.#.#..........#
# #.#..........#......##.##.#
# #.#..#.#.....###..####.##.#
###.#.[#.#.#.............##.#
....#.[#.#.#####Y.#########.#
#####..#.#.#....@...........#
....#..#.#.#.################
###.#)...#.#.# ###.#.####.#.#
......#....#.# ###.###.####.#
#<# #.####.# ### #......#
########


You could see a death yak.


Message History

The death yak gores you!
There is a stone staircase leading up here. 😕 HP[-6] MP[-2]
You take 6 damage, and now have 62/68 hp.
You lost 2 mp, and now have 21/23 mp.
You climb upwards.
There is a stone staircase leading down here. 😕 HP[+1]
You can't go up here!
Casting: Sandblast (safe; 1% risk of failure)
Confirm with . or Enter, or press ? or * to list all spells.
Aiming: Stone Arrow (safe; 1% risk of failure)
Press: ? - help, Shift-Dir - straight line, f - death yak
Aim: a death yak (92% to hit)
You feel a surge of power!
The stone arrow misses the death yak.
The death yak gores you but does no damage. 😕 MP[-3]
You lost 3 mp, and now have 18/23 mp.
Casting: Stone Arrow (safe; 1% risk of failure)
Confirm with . or Enter, or press ? or * to list all spells.
Aiming: Stone Arrow (safe; 1% risk of failure)
Press: ? - help, Shift-Dir - straight line, f/p - death yak
Aim: a death yak (92% to hit)
You feel a surge of power!
The stone arrow hits the death yak!
The death yak snorts and paws the ground.
The death yak gores you!! 😮 HP[-14] MP[-7]
You take 14 damage, and now have 49/68 hp.
MASSIVE DAMAGE!! (PAUSE)
You lost 7 mp, and now have 11/23 mp.
Casting: Stone Arrow (safe; 1% risk of failure)
Confirm with . or Enter, or press ? or * to list all spells.
Aiming: Stone Arrow (safe; 1% risk of failure)
Press: ? - help, Shift-Dir - straight line, f/p - death yak
Aim: a death yak (lightly wounded, 92% to hit)
You feel a surge of power!
The stone arrow hits the death yak!!
The death yak gores you! 😮 HP[-14] MP[-4]
You take 14 damage, and now have 35/68 hp.
MASSIVE DAMAGE!! (PAUSE)
You lost 4 mp, and now have 7/23 mp.
Casting: Stone Arrow (safe; 1% risk of failure)
Confirm with . or Enter, or press ? or * to list all spells.
Aiming: Stone Arrow (safe; 1% risk of failure)
Press: ? - help, Shift-Dir - straight line, f/p - death yak
Aim: a death yak (heavily wounded, 92% to hit)
You feel a surge of power!
The stone arrow hits the death yak!!
The death yak closely misses you. 😮 MP[-3]
You lost 3 mp, and now have 4/23 mp.
Unknown command.
Casting: Stone Arrow (safe; 1% risk of failure)
Confirm with . or Enter, or press ? or * to list all spells.
Aiming: Stone Arrow (safe; 1% risk of failure)
Press: ? - help, Shift-Dir - straight line, f/p - death yak
Aim: a death yak (severely wounded, 92% to hit)
You feel a surge of power!
The stone arrow hits the death yak!
The death yak gores you!
* * * LOW HITPOINT WARNING * * *
😨 HP[-6] MP[-3]
You take 6 damage, and now have 29/68 hp.
You lost 3 mp, and now have 1/23 mp.
Unknown command.
Casting: Stone Arrow (safe; 1% risk of failure)
Confirm with . or Enter, or press ? or * to list all spells.
Aiming: Sandblast (safe; 1% risk of failure)
Press: ? - help, Shift-Dir - straight line, f/p - death yak
Aim: a death yak (almost dead, 95% to hit)
You feel a surge of power!
The blast of sand hits the death yak.
The death yak closely misses you.
The death yak gores you but does no damage. 😨 MP[-1]
You lost 1 mp, and now have 0/23 mp.
Unknown command.
Casting: Sandblast (safe; 1% risk of failure)
Confirm with . or Enter, or press ? or * to list all spells.
You don't have enough magic to cast this spell.
You hit the death yak but do no damage.
The death yak gores you but does no damage. 😨 HP[+1]
You hit the death yak but do no damage.
You headbutt the death yak, but do no damage.
The death yak closely misses you. 😨 MP[+1]
Casting: Sandblast (safe; 1% risk of failure)
Confirm with . or Enter, or press ? or * to list all spells.
Aiming: Sandblast (safe; 1% risk of failure)
Press: ? - help, Shift-Dir - straight line, f/p - death yak
Aim: a death yak (almost dead, 95% to hit)
You feel a surge of power!
The blast of sand hits the death yak but does no damage.
The death yak gores you but does no damage.
The death yak gores you!
* * * LOW HITPOINT WARNING * * *
😨 HP[-12] MP[-1]
You take 12 damage, and now have 18/68 hp.
You lost 1 mp, and now have 0/23 mp.
Unknown command.
You barely miss the death yak. The death yak gores you!!
You die...

Skill      XL: |  1  2  3  4  5  6  7  8  9 10 11 |
---------------+----------------------------------+-----
Earth Magic    | 4 5 6 7 9 11 12 | 12.0
Conjurations   | 1 2 3 4 6 8 10 12 | 12.0
Spellcasting   | 3 4 5 6 8 |  8.0
Fighting       | 7 |  7.7
Dodging        | |  1.5
Stealth        | |  2.1
Transmutations | |  0.7

Action                     |  1- 3 |  4- 6 |  7- 9 | 10-12 || total
---------------------------+-------+-------+-------+-------++-------
  Melee: Staff             |       |       |    20 |    12 ||    32
         Punch             |       |       |     1 |       ||     1
         Headbutt          |       |       |     3 |     5 ||     8
   Cast: Sandblast         |    41 |    54 |    61 |   113 ||   269
         Stone Arrow       |       |     3 |    46 |    89 ||   138
  Evoke: Wand              |       |       |    11 |     1 ||    12
    Use: Scroll            |     3 |     8 |     3 |     4 ||    18
         Potion            |       |       |     9 |       ||     9
   Stab: Invisible         |       |       |     1 |       ||     1
 Armour: Robe              |     3 |     9 |    23 |    71 ||   106
  Dodge: Dodged            |     9 |    14 |    58 |    59 ||   140

Levels and vault maps discovered:
D:1:      erik_arrival_blinker_ship, layout_basic, minmay_misc_feat_rugged,
          minivault_23
D:2:      layout_loops_cross
D:3:      layout_basic, mainiacjoe_overflow_alcove_4, fedhas_altar_fruit_tree,
          nicolae_overflow_hidden_temple, elyvilon_altar_3,
          mainiacjoe_overflow_catwalk, minivault_24, uniq_ijyb
D:4:      layout_cave_pools, mainiacjoe_overflow_boulevard,
          minmay_temple_entry_junction, minmay_misc_feat_five,
          serial_bayou_lagoon_a
D:5:      layout_basic, grunt_qazlal_sundering, minmay_circle_x,
          uniq_crazy_yiuf_cottage
D:6:      layout_loops_ring
D:7:      layout_loops_ring, kennysheep_mini, enter_bailey_5,
          lightli_orcish_oven
D:8:      layout_gridville, hangedman_decor_points, uniq_pikel
D:9:      layout_basic, led_sif_pool, demons_altar, cheibriados_altar_1
D:10:     lemuel_insect_pit, layout_loops_ring, dpeg_lair_monsters,
          chequers_serial_rivers_micro_b, uniq_lodul, uniq_urug, uniq_maurice
Temple:   chequers_temple_sunken

Notes
Turn   | Place    | Note
-------+----------+-------------------------------------------
     0 | D:1      | kae the Gargoyle Earth Elementalist began the quest for the
                  | Orb.
     0 | D:1      | Reached XP level 1. HP: 10/10 MP: 3/3
     0 | D:1      | magus.rc [v1.11.3]
   358 | D:1      | Reached XP level 2. HP: 15/15 MP: 3/5
   379 | D:1      | Reached skill level 4 in Earth Magic
   846 | D:2      | Reached XP level 3. HP: 19/19 MP: 4/6
   867 | D:2      | Learned a level 3 spell: Stone Arrow
   870 | D:2      | Learned a level 2 spell: Passwall
   956 | D:2      | You pick up a book of Dreams and begin reading...
   956 | D:2      | You add the spells Ensorcelled Hibernation, Spider Form and
                  | Anguish to your library.
  1052 | D:2      | Reached skill level 1 in Conjurations
  1191 | D:2      | Reached XP level 4. HP: 24/24 MP: 5/8
  1660 | D:3      | Found a bloodstained altar of Trog.
  1696 | D:3      | Reached skill level 3 in Spellcasting
  1721 | D:3      | Reached skill level 2 in Conjurations
  2022 | D:3      | Reached XP level 5. HP: 28/28 MP: 3/9
  2122 | D:3      | Noticed Ijyb
  2127 | D:3      | Killed Ijyb
  2128 | D:3      | Reached skill level 5 in Earth Magic
  2306 | D:3      | Found a basalt altar of Yredelemnul.
  2336 | D:3      | Found a blossoming altar of Fedhas.
  2407 | D:3      | Found an ancient bone altar of Kikubaaqudgha.
  2526 | D:3      | Found a white marble altar of Elyvilon.
  2810 | D:4      | Reached skill level 3 in Conjurations
  2930 | D:4      | Reached XP level 6. HP: 30/32 MP: 7/11
  2966 | D:4      | Reached skill level 4 in Conjurations
  3139 | D:4      | Found a staircase to the Ecumenical Temple.
  3148 | Temple   | Entered the Ecumenical Temple
  3284 | Temple   | Became a worshipper of Vehumet
  3447 | D:4      | Found a broken altar of Ashenzari.
  3515 | D:5      | Entered Level 5 of the Dungeon
  3521 | D:5      | Noticed a water moccasin
  3524 | D:5      | Killed a water moccasin
  3525 | D:5      | Reached XP level 7. HP: 36/36 MP: 3/12
  3529 | D:5      | Reached skill level 4 in Spellcasting
  3529 | D:5      | Reached skill level 5 in Conjurations
  3648 | D:5      | Reached skill level 6 in Earth Magic
  3780 | D:5      | Found a stormy altar of Qazlal.
  3837 | D:5      | Reached skill level 6 in Conjurations
  3921 | D:5      | Reached XP level 8. HP: 41/41 MP: 9/14
  4320 | D:5      | You add the spells Alistair's Intoxication, Borgnjor's Vile
                  | Clutch and Eringya's Noxious Bog to your library.
  4349 | D:5      | Found a runed translucent door.
  4350 | D:5      | Noticed Crazy Yiuf
  4439 | D:5      | Killed Crazy Yiuf
  4440 | D:5      | Reached skill level 7 in Earth Magic
  4454 | D:5      | Learned a level 4 spell: Petrify
  4513 | D:6      | Reached skill level 5 in Spellcasting
  4513 | D:6      | Reached skill level 7 in Conjurations
  4878 | D:6      | Reached * piety under Vehumet
  4878 | D:6      | Offered knowledge of Shock by Vehumet.
  4904 | D:6      | Reached skill level 8 in Conjurations
  4938 | D:6      | You pick up a book of Blasting and begin reading...
  4938 | D:6      | You add the spells Kindle Blastsparks, Fulminant Prism,
                  | Iskenderun's Mystic Blast and Lee's Rapid Deconstruction to
                  | your library.
  5186 | D:7      | Learned a level 5 spell: Lee's Rapid Deconstruction
  5270 | D:7      | Reached XP level 9. HP: 45/45 MP: 13/17
  5279 | D:7      | Found a flagged portal.
  5287 | D:7      | Gained mutation: You sometimes lose your temper in combat.
                  | [potion of mutation]
  5287 | D:7      | Gained mutation: You have a pair of small horns on your
                  | head. [potion of mutation]
  5287 | D:7      | Gained mutation: You are vulnerable to heat. (rF-) [potion
                  | of mutation]
  5287 | D:7      | Gained mutation: Your skin changes colour to match your
                  | surroundings (Stealth+). [potion of mutation]
  5395 | D:7      | Reached skill level 8 in Earth Magic
  5403 | Bailey   | Entered a bailey
  5523 | Bailey   | HP: 5/45 [orc warrior (8)]
  5533 | Bailey   | HP: 10/45 [orc warrior (3)]
  5779 | Bailey   | Reached skill level 6 in Spellcasting
  5779 | Bailey   | Reached skill level 9 in Conjurations
  5956 | Bailey   | Noticed an orc knight
  5979 | Bailey   | HP: 9/45 [orc knight/+0 glaive (13)]
  5980 | Bailey   | HP: 1/45 [orc knight/+0 glaive (9)]
  6177 | Bailey   | Killed an orc knight
  6178 | Bailey   | Reached skill level 10 in Conjurations
  6178 | Bailey   | Reached skill level 9 in Earth Magic
  6444 | Bailey   | Reached XP level 10. HP: 15/50 MP: 3/20
  6444 | Bailey   | HP: 8/50 [orc warrior/bolt (7)]
  6450 | Bailey   | Reached ** piety under Vehumet
  6539 | Bailey   | Offered knowledge of Searing Ray by Vehumet.
  6972 | D:7      | Reached skill level 7 in Spellcasting
  7392 | D:7      | Found an ornate altar of the Wu Jian Council.
  7441 | D:7      | Reached skill level 11 in Conjurations
  7518 | D:7      | Reached skill level 10 in Earth Magic
  7823 | D:8      | Noticed Pikel
  7867 | D:7      | Killed Pikel
  8156 | D:8      | Offered knowledge of Mephitic Cloud by Vehumet.
  8157 | D:8      | Reached skill level 12 in Conjurations
  8163 | D:8      | Reached skill level 8 in Spellcasting
  8164 | D:8      | HP: 11/50 [yak (2)]
  8527 | D:8      | Reached skill level 11 in Earth Magic
  8535 | D:8      | Reached XP level 11. HP: 54/54 MP: 21/23
  8821 | D:9      | Reached *** piety under Vehumet
  9072 | D:9      | You add the spells Summon Forest and Summon Hydra to your
                  | library.
  9118 | D:9      | Reached skill level 12 in Earth Magic
  9170 | D:9      | Reached skill level 1 in Fighting
  9196 | D:9      | Found a snail-covered altar of Cheibriados.
  9212 | D:9      | Reached skill level 2 in Fighting
  9514 | D:9      | Offered knowledge of Airstrike by Vehumet.
  9526 | D:9      | Reached skill level 3 in Fighting
  9744 | D:9      | Found a burning altar of Makhleb.
  9858 | D:9      | Found a shimmering blue altar of Sif Muna.
  9896 | D:10     | Entered Level 10 of the Dungeon
  9896 | D:10     | Noticed a death yak
  9896 | D:10     | Found a staircase to the Lair.
  9900 | D:10     | Noticed a death yak
  9901 | D:10     | Noticed a death yak
  9901 | D:10     | Noticed a death yak
  9902 | D:10     | Noticed a death yak
  9903 | D:10     | Noticed a death yak
  9971 | D:10     | Noticed a death yak
  9971 | D:10     | Noticed a death yak
  9984 | D:9      | Killed a death yak
  9985 | D:9      | Reached skill level 4 in Fighting
 10131 | D:9      | Killed a death yak
 10132 | D:9      | Reached skill level 5 in Fighting
 10331 | D:9      | Killed a death yak
 10332 | D:9      | Reached skill level 6 in Fighting
 10493 | D:9      | Killed a death yak
 10494 | D:9      | Reached skill level 7 in Fighting
 10602 | D:9      | Killed a death yak
 10756 | D:9      | Slain by a death yak

Vanquished Creatures
  5 death yaks (D:9)
  Pikel (D:7)
  An orc knight (Bailey)
  2 wyverns
  2 wraiths (D:9)
  11 yaks
  A steam dragon (D:9)
  2 water moccasins
  3 ice beasts
  2 black bears
  13 orc warriors (Bailey)
  2 sky beasts (D:7)
  A centaur (D:8)
  2 ogres
  2 lemures
  A phantom (D:5)
  A kobold brigand (D:8)
  4 bullfrogs
  3 scorpions
  2 gnoll sergeants
  14 wights
  3 killer bees
  5 howler monkeys
  A jelly (D:6)
  Crazy Yiuf (D:5)
  4 hounds
  4 orc priests
  3 iron imps (D:9)
  Ijyb (D:3)
  6 orc wizards
  9 gnolls
  9 adders
  2 shadow imps (D:7)
  3 white imps
  An ufetubus (D:6)
  A worm (D:2)
  3 dart slugs
  29 orcs
  5 bats
  3 endoplasms (D:1)
  2 giant cockroaches
  9 goblins
  5 hobgoblins
  9 jackals
  5 quokkas
  5 ball pythons
  A frilled lizard (D:2)
  9 kobolds
  5 rats
218 creatures vanquished.

Vanquished Creatures (others)
  3 fungi (D:4)
3 creatures vanquished.

Grand Total: 221 creatures vanquished

Table legend:
 A = Non-vault XP
 B = Vault XP
 C = Vault XP percentage of total XP
 D = Non-vault monster count
 E = Vault monster count
 F = Vault count percentage of total count
                 A         B        C        D         E       F
            +---------+---------+-------+---------+---------+-------
      Total |    8037 |    7645 |  48.8 |     166 |      50 |  23.1
            +---------+---------+-------+---------+---------+-------
        D:1 |      32 |       0 |   0.0 |      17 |       0 |   0.0
        D:2 |      66 |       0 |   0.0 |      22 |       0 |   0.0
        D:3 |      84 |      36 |  30.0 |      19 |       1 |   5.0
        D:4 |     270 |       0 |   0.0 |      10 |       0 |   0.0
        D:5 |     745 |     362 |  32.7 |      13 |       6 |  31.6
        D:6 |     627 |       0 |   0.0 |      13 |       0 |   0.0
        D:7 |    2493 |     674 |  21.3 |      27 |      10 |  27.0
        D:8 |    1730 |       0 |   0.0 |      22 |       0 |   0.0
        D:9 |    1868 |    4168 |  69.1 |      21 |       8 |  27.6
       D:10 |     122 |       0 |   0.0 |       2 |       0 |   0.0
     Bailey |       0 |    2405 | 100.0 |       0 |      25 | 100.0
            +---------+---------+-------+---------+---------+-------

Illustrated notes

Table legend:
 A = Kills in this place as a percentage of kills in entire the game.
 B = Kills by you in this place as a percentage of kills by you in the entire game.
 C = Kills by friends in this place as a percentage of kills by friends in the entire game.
 D = Other kills in this place as a percentage of other kills in the entire game.
 E = Experience gained in this place as a percentage of experience gained in the entire game.
 F = Experience gained in this place divided by the number of levels of this place that you have seen.
                   A       B       C       D       E      F
               +-------+-------+-------+-------+-------+----------------------
         Total | 100.0 | 100.0 |   N/A |   N/A | 100.0 | 1306.8
       Dungeon |  88.4 |  88.4 |   N/A |   N/A |  84.7 | 1327.7
        Bailey |  11.6 |  11.6 |   N/A |   N/A |  15.3 | 2405.0
               +-------+-------+-------+-------+-------+----------------------

Table legend: (Time is in decaauts)
 A = Elapsed time spent in this place.
 B = Non-inter-level travel time spent in this place.
 C = Inter-level travel time spent in this place.
 D = Time resting spent in this place.
 E = Time spent auto-exploring this place.
 F = Levels seen in this place.
 G = Mean time per level.
                   A        B        C        D        E       F      G
               +--------+--------+--------+--------+--------+-----+--------+
         Total |  10923 |  10306 |    617 |   1434 |   7205 |  12 |  910.2 |
       Dungeon |   9371 |   8773 |    598 |   1003 |   6527 |  10 |  937.1 |
        Temple |    203 |    184 |     19 |      0 |    165 |   1 |  203.0 |
        Bailey |   1348 |   1348 |      0 |    431 |    513 |   1 | 1348.0 |
               +--------+--------+--------+--------+--------+-----+--------+

Top non-repeatable levels by time:
     D:9: 1964 daAuts
     D:7: 1559 daAuts
  Bailey: 1348 daAuts
     D:3: 1290 daAuts
     D:5: 906 daAuts
     D:1: 841 daAuts
     D:2: 745 daAuts
     D:8: 716 daAuts
     D:6: 683 daAuts
     D:4: 621 daAuts
  Temple: 203 daAuts
    D:10: 42 daAuts
